 Dungeon Crawl Stone Soup version 0.27-a0-74-gebd156f8b4 (webtiles) character file.

Game seed: 4887591453548725996

5643 Morbidden the Skirmisher (level 10, -7/79 HPs)
             Began as a Demonspawn Fighter on Jan 11, 2021.
             Was a Priest of Vehumet.
             Mangled by an ice devil (18 damage)
             ... on level 1 of the Lair of Beasts.
             The game lasted 00:21:14 (14529 turns).

Morbidden the Skirmisher (Demonspawn Fighter)      Turns: 14529, Time: 00:21:14

Health: -7/79      AC: 13    Str: 16    XL:     10   Next: 46%
Magic:  17/17      EV:  7    Int: 15    God:    Vehumet [***...]
Gold:   573        SH: 10    Dex: 13    Spells: 8/19 levels left

rFire    + . .     SeeInvis .   K - +4 broad axe (flame)
rCold    . . .     Faith    .   c - +1 kite shield
rNeg     . . .     Spirit   .   I - +1 chain mail {rPois}
rPois    +         Reflect  .   (helmet restricted)
rElec    .         Harm     .   y - +0 cloak
rCorr    .         Rampage  .   a - +0 pair of gloves
Will     .....                  (no boots)
Stlth    ..........             (no amulet)
HPRegen  0.23/turn              v - ring of protection from fire
MPRegen  0.15/turn              (no ring)

@: no status effects
A: horns 1, powered by death 1, miasma immunity, big brain 1
a: Renounce Religion


You were on level 1 of the Lair of Beasts.
You worshipped Vehumet.
Vehumet was most pleased with you.
You visited 2 branches of the dungeon, and saw 11 of its levels.

You collected 573 gold pieces.

Inventory:

Hand Weapons
 d - a +7 scythe of venom
 K - a +4 broad axe of flaming (weapon)
Missiles
 l - 37 poisoned darts
 o - 15 boomerangs (quivered)
Armour
 a - a +0 pair of gloves (worn)
 c - a +1 kite shield (worn)
 y - a +0 cloak (worn)
 I - a +1 chain mail of poison resistance (worn)
Jewellery
 v - a ring of protection from fire (left hand)
Wands
 G - a wand of paralysis (3)
 H - a wand of iceblast (4)
 J - a wand of digging (12)
Scrolls
 b - a scroll of fog {unknown}
 g - a scroll of magic mapping
 i - 6 scrolls of amnesia
 m - 9 scrolls of remove curse
 n - 2 scrolls of fear
 s - 3 scrolls of enchant armour
 t - a scroll of teleportation
 x - 2 scrolls of immolation {unknown}
 z - a scroll of holy word {unknown}
 A - a scroll of random uselessness {unknown}
 C - 2 scrolls of blinking
Potions
 f - 3 potions of curing
 h - a potion of resistance {unknown}
 k - 2 potions of berserk rage
 p - 4 potions of heal wounds
 q - a potion of cancellation {unknown}
 r - 3 potions of brilliance
 w - a potion of invisibility {unknown}
 B - 2 potions of haste
 D - 2 potions of lignification
 F - 2 potions of attraction
 L - 2 potions of ambrosia


   Skills:
 * Level 7.2 Fighting
 + Level 3.1 Long Blades
 + Level 2.1(4.5) Axes
 + Level 6.3(6.5) Polearms
 + Level 1.3 Throwing
 + Level 6.0 Armour
 * Level 5.3 Dodging
 + Level 0.4 Stealth
 + Level 3.3 Shields
 * Level 5.2 Spellcasting
 * Level 2.3 Conjurations
 * Level 1.2 Fire Magic
 - Level 3.0 Ice Magic


You had 8 spell levels left.
You knew the following spells:

 Your Spells              Type           Power        Failure   Level
a - Freeze                Ice            48%          58%         1
b - Frozen Ramparts       Ice            24%          89%         3
c - Searing Ray           Conj           22%          78%         2
d - Fireball              Conj/Fire      4%           100%        5

Your spell library contained the following spells:

 Spells                   Type           Power        Failure   Level
 Dazzling Flash           Conj/Hex       14%          98%         3
 Ignite Poison            Fire/Tmut/Pois 5%           99%         3
 Hailstorm                Conj/Ice       12%          99%         4
 Apportation              Tloc           6%           100%        1
 Lesser Beckoning         Tloc           1%           100%        3
 Ozocubu's Armour         Ice            12%          100%        3
 Tukima's Dance           Hex            3%           100%        3
 Summon Ice Beast         Ice/Summ       8%           100%        4
 Alistair's Intoxication  Tmut/Pois      2%           100%        5
 Invisibility             Hex            3%           100%        6
 Starburst                Conj/Fire      4%           100%        6
 Ignition                 Fire           3%           100%        8


Dungeon Overview and Level Annotations

Branches:
Dungeon (10/15)            Temple (0/1) D:5            Lair (1/6) D:9
    Orc (0/2) D:9

Altars:
Fedhas
Gozag
Hepliaklqana
Kikubaaqudgha
Makhleb
Qazlal
Sif Muna
Trog
Vehumet
Wu Jian
Yredelemnul
The Shining One

Shops:
D:4 ?[[

Portals:
Ice
Cave: Lair:1

Annotations:
D:5 2 runed translucent doors, milododd's ghost, novice FoAK
D:6 3 runed translucent doors, Morbidden's ghost, novice TrHu


Innate Abilities, Weirdness & Mutations

You have a pair of small horns on your head.
You regenerate a little health from kills.
You are immune to miasma.
You have an unusually large brain. (Int +2)


Message History

The ice devil freezes you!
You hit the ice devil. You burn the ice devil.
The ice devil is moderately wounded.
The ice devil hits you but does no damage.
You hit the ice devil. You burn the ice devil.
You headbutt the ice devil, but do no damage.
The ice devil is heavily wounded.
You block the ice devil's attack. The ice devil hits you.
The ice devil freezes you!
You hit the ice devil but do no damage.
You headbutt the ice devil, but do no damage.
The ice devil is heavily wounded.
The ice devil hits you. The ice devil freezes you!!
* * * LOW HITPOINT WARNING * * *
You slice the ice devil!! You burn the ice devil.
The ice devil is almost dead.
The ice devil hits you.
* * * LOW HITPOINT WARNING * * *
The ice devil freezes you!!
You die...

##* ##### #.####P..#
#........# ** ###.###'#+#
***********, #...# #@..#
*,,,,,,,,,,, #..## ##4##
*,,,,******, #..#
***.#***,,,,*,,,,,, #..#
*,,..,**,,,,*,,,,,, ##..#
*,,...**,,,,*,,,,,, #...#
*,,...#*,,,,***,,+*
##..##*,,∩..#*,,,,,,,,,,,
#....#***####*,,,,,,,,,,,
#....## *,,,,,,,****


You could see an ice devil.

Vanquished Creatures
  A centaur zombie (D:10)
  Maggie (D:9)
  Sigmund (D:3)
  Grum (D:7)
  A warg (D:9)
  3 ice beasts
  3 sky beasts
  5 orc warriors
  4 ogres
  2 black bears
  2 phantoms (D:5)
  2 wolves (D:7)
  4 centaurs
  3 bullfrogs
  3 big kobolds
  2 scorpions
  4 wights (D:7)
  4 killer bees (D:7)
  A howler monkey (D:5)
  A crimson imp (D:4)
  A quasit (D:10)
  12 orc priests
  3 hounds
  2 jellies
  2 bullfrog skeletons
  6 iguanas
  9 orc wizards
  A hell rat (D:8)
  4 worker ants
  A killer bee zombie (D:7)
  3 hound skeletons
  A worker ant zombie (D:10)
  16 adders
  A river rat (D:9)
  2 shadow imps
  A white imp (D:8)
  3 ufetubi
  An ooze (D:3)
  2 adder zombies
  4 worms
  A dart slug (D:1)
  5 leopard geckos
  34 orcs
  5 bats
  6 giant cockroaches
  7 goblins
  9 hobgoblins
  2 jackals (D:1)
  7 quokkas
  A ball python (D:4)
  3 frilled lizards
  15 kobolds
  7 rats
225 creatures vanquished.

Notes
Turn   | Place    | Note
-------+----------+-------------------------------------------
     0 | D:1      | Morbidden the Demonspawn Fighter began the quest for the
                  | Orb.
     0 | D:1      | Reached XP level 1. HP: 18/18 MP: 1/1
   251 | D:1      | Gained mutation: You have a pair of small horns on your
                  | head. [demonic ancestry]
   251 | D:1      | Reached XP level 2. HP: 18/24 MP: 2/2
   727 | D:2      | Found an ornate altar of the Wu Jian Council.
   959 | D:2      | Gained mutation: You are immune to miasma. [demonic
                  | ancestry]
   959 | D:2      | Reached XP level 3. HP: 29/29 MP: 4/4
  1281 | D:2      | Reached skill level 1 in Dodging
  1515 | D:2      | Gained mutation: You have an unusually large brain. (Int
                  | +2) [demonic ancestry]
  1515 | D:2      | Reached XP level 4. HP: 35/35 MP: 5/5
  1636 | D:2      | Reached skill level 1 in Spellcasting
  2102 | D:3      | Reached XP level 5. HP: 28/41 MP: 6/6
  2235 | D:3      | Noticed Sigmund
  2271 | D:3      | Killed Sigmund
  2272 | D:3      | Reached skill level 4 in Fighting
  2272 | D:3      | Reached XP level 6. HP: 24/48 MP: 6/8
  2968 | D:4      | Reached skill level 1 in Polearms
  3288 | D:4      | Found a blossoming altar of Fedhas.
  3289 | D:4      | Found an ancient bone altar of Kikubaaqudgha.
  3399 | D:4      | Found a burning altar of Makhleb.
  3400 | D:4      | Found a radiant altar of Vehumet.
  3451 | D:4      | Found Yshuemit's Magic Scroll Boutique.
  3454 | D:4      | Found Zugampyz's Weapon Boutique.
  3457 | D:4      | Found Ynenahie's Armour Boutique.
  3472 | D:4      | Found Orphesirph's Armour Boutique.
  3508 | D:4      | Became a worshipper of Vehumet
  3569 | D:4      | Reached XP level 7. HP: 40/55 MP: 10/10
  3928 | D:5      | Entered Level 5 of the Dungeon
  4256 | D:5      | Found a staircase to the Ecumenical Temple.
  4446 | D:5      | Found a large runed translucent door.
  4447 | D:5      | Found a large runed translucent door.
  4466 | D:5      | Reached skill level 5 in Fighting
  4512 | D:5      | Reached XP level 8. HP: 55/62 MP: 12/12
  4753 | D:5      | Noticed milododd's ghost (novice FoAK)
  4812 | D:5      | Reached skill level 1 in Throwing
  5834 | D:5      | Found an opulent altar of Gozag.
  5953 | D:6      | Found a glowing golden altar of the Shining One.
  5962 | D:6      | Reached * piety under Vehumet
  5962 | D:6      | Offered knowledge of Sandblast by Vehumet.
  5965 | D:6      | Learned a level 1 spell: Freeze
  6533 | D:6      | Found a runed translucent gate.
  7199 | D:6      | Found a runed translucent gate.
  7199 | D:6      | Noticed a kobold demonologist
  7199 | D:6      | Noticed Morbidden's ghost (novice TrHu)
  7200 | D:6      | Found a runed translucent gate.
  7579 | D:7      | Found Bugarabe's Assorted Antiques.
  7754 | D:7      | Found an opulent altar of Gozag.
  7754 | D:7      | Found a basalt altar of Yredelemnul.
  7766 | D:7      | Learned a level 3 spell: Frozen Ramparts
  7798 | D:7      | Gained mutation: You regenerate a little health from kills.
                  | [demonic ancestry]
  7798 | D:7      | Reached XP level 9. HP: 69/69 MP: 14/14
  8004 | D:7      | Reached skill level 6 in Fighting
  8004 | D:7      | Reached skill level 5 in Polearms
  8004 | D:7      | Reached skill level 5 in Armour
  8322 | D:7      | Found a bloodstained altar of Trog.
  8547 | D:7      | Reached skill level 1 in Ice Magic
  8723 | D:7      | Found a stormy altar of Qazlal.
  8732 | D:7      | Found a hazy altar of Hepliaklqana.
  8975 | D:8      | Noticed Grum
  9125 | D:7      | Killed Grum
  9850 | D:7      | Found a shimmering blue altar of Sif Muna.
  9850 | D:7      | Found a glowing golden altar of the Shining One.
  9906 | D:8      | Offered knowledge of Searing Ray by Vehumet.
  9910 | D:8      | Reached ** piety under Vehumet
  9920 | D:8      | Learned a level 2 spell: Searing Ray
 11026 | D:9      | Found a staircase to the Orcish Mines.
 11505 | D:9      | Noticed a death yak
 11507 | D:9      | Noticed a death yak
 11509 | D:9      | Noticed a death yak
 11816 | D:9      | Reached skill level 5 in Dodging
 11816 | D:9      | Reached skill level 1 in Conjurations
 12092 | D:9      | Reached XP level 10. HP: 56/75 MP: 17/17
 12121 | D:9      | Noticed Maggie
 12133 | D:9      | Killed Maggie
 12134 | D:9      | Reached skill level 7 in Fighting
 12673 | D:9      | Found a staircase to the Lair.
 13311 | D:9      | Identified a scroll of acquirement
 13311 | D:9      | Acquired a book of Fire
 13319 | D:9      | Learned a level 5 spell: Fireball
 13901 | D:9      | Reached skill level 5 in Spellcasting
 14022 | D:10     | Entered Level 10 of the Dungeon
 14032 | D:10     | Reached skill level 1 in Axes
 14104 | D:10     | Offered knowledge of Dazzling Flash by Vehumet.
 14383 | D:10     | Noticed a fire dragon
 14405 | D:10     | Reached *** piety under Vehumet
 14414 | D:10     | Reached skill level 1 in Fire Magic
 14474 | Lair:1   | Entered Level 1 of the Lair of Beasts
 14522 | Lair:1   | Found a frozen archway.
 14529 | Lair:1   | Mangled by an ice devil

Illustrated notes

Levels and vault maps discovered:
D:1:      minmay_arrival_loop, layout_loops_ring
D:2:      layout_basic, nzn_wu_jian_contemplation, serial_corexii_hall,
          corexii_hall_statues_l, corexii_hall_statues_s
D:3:      layout_loops_cross, minmay_misc_feat_room, nrook_loot_triangle,
          uniq_sigmund
D:4:      layout_basic, grunt_temple_overflow_growth_and_decay,
          grunt_temple_overflow_lords_of_destruction, minmay_shop_grid_forest
D:5:      layout_layer_cave, minmay_temple_entry_tees,
          ebering_ghost_disaster_area, serial_park_tiny_2,
          nicolae_gozag_cash_rules_everything_around_me
D:6:      layout_basic, basic_altar, gammafunk_ghost_nasty_kobolds
D:7:      layout_loops_corners, nicolae_overflow_hidden_temple, minitemple,
          serial_shops, nicolae_shop_overgrown_old_shop, minmay_starry_boxes
D:8:      layout_cave_pods, uniq_grum
D:9:      layout_basic, dpeg_lair_monsters, erik_orc_4, uniq_maggie
D:10:     layout_stronghold, minmay_chambers_of_fives
Lair:1:   statuecave_lemuel, layout_chaotic_city, portal_ice_cave_demonic_guard,
          beast_lair_carwin_3, infiniplex_staircase_pool_2, uniq_gastronok

Skill      XL: |  1  2  3  4  5  6  7  8  9 10 |
---------------+-------------------------------+-----
Long Blades    | 2 3 |  3.1
Dodging        | 1 2 3 4 5 |  5.3
Armour         | 3 4 5 6 |  6.0
Spellcasting   | 1 2 3 4 5 |  5.2
Shields        | 3 |  3.3
Fighting       | 4 5 6 7 |  7.2
Polearms       | 1 3 4 6 |  6.3
Throwing       | 1 |  1.3
Ice Magic      | 2 3 |  3.0
Conjurations   | 1 2 |  2.3
Axes           | 2 |  2.1
Fire Magic     | 1 |  1.2
Stealth        | |  0.4

Action                   |  1- 3 |  4- 6 |  7- 9 | 10-12 || total
-------------------------+-------+-------+-------+-------++-------
Melee: Long sword        |    87 |    74 |       |       ||   161
       Headbutt          |    10 |    14 |    44 |    21 ||    89
       Scythe            |       |    55 |   301 |    26 ||   382
       Broad axe         |       |       |       |   116 ||   116
Throw: Dart              |    13 |     4 |     9 |       ||    26
       Boomerang         |       |       |     4 |     2 ||     6
  Use: Potion            |       |     3 |       |       ||     3
       Scroll            |       |     2 |       |    17 ||    19
Armor: Scale mail        |    43 |    38 |       |       ||    81
       Chain mail        |       |    22 |   260 |   117 ||   399
Dodge: Dodged            |    27 |    62 |   192 |    53 ||   334
Block: Kite shield       |    51 |    36 |       |    89 ||   176
       Rpst.: Long sword |    11 |     8 |       |       ||    19

Table legend: (Time is in decaauts)
 A = Elapsed time spent in this place.
 B = Non-inter-level travel time spent in this place.
 C = Inter-level travel time spent in this place.
 D = Time resting spent in this place.
 E = Time spent auto-exploring this place.
 F = Levels seen in this place.
 G = Mean time per level.
                   A        B        C        D        E       F      G
               +--------+--------+--------+--------+--------+-----+--------+
         Total |  14992 |  14212 |    780 |   3585 |   8301 |  11 | 1362.9 |
       Dungeon |  14932 |  14152 |    780 |   3585 |   8301 |  10 | 1493.2 |
          Lair |     60 |     60 |      0 |      0 |      0 |   1 |   60.0 |
               +--------+--------+--------+--------+--------+-----+--------+

Top non-repeatable levels by time:
     D:5: 2466 daAuts
     D:8: 2339 daAuts
     D:9: 2121 daAuts
     D:7: 2103 daAuts
     D:6: 1344 daAuts
     D:2: 1227 daAuts
     D:3: 1084 daAuts
     D:4: 1057 daAuts
     D:1: 726 daAuts
    D:10: 461 daAuts
  Lair:1: 60 daAuts
